 Dungeon Crawl Stone Soup version 0.29.1-12-g30fa7ad0bf (webtiles) character file.

Game seed: 3452078395396548116

2438 wormed the Grappler (level 9, -1/87 HPs)
             Began as a Troll Gladiator on Dec 24, 2022.
             Was an Initiate of Ru.
             Slain by a purple ugly thing (17 damage)
             ... on level 6 of the Dungeon.
             The game lasted 00:10:44 (5057 turns).

wormed the Grappler (Troll Gladiator)               Turns: 5057, Time: 00:10:45

Health: -1/87      AC:  4    Str: 28    XL:     9   Next: 25%
Magic:  8/8        EV: 11    Int:  4    God:    Ru [......]
Gold:   307        SH:  0    Dex: 11    Spells: 8/8 levels left

rFire   . . .      SeeInvis .     - Unarmed
rCold   . . .      Faith    .   (no shield)
rNeg    . . .      Spirit   .   a - +0 robe
rPois   +          Reflect  .   b - +0 hat
rElec   .          Harm     .   (no cloak)
rCorr   .          Rampage  .   (gloves unavailable)
Will    +....                   (boots unavailable)
Stlth   +.........              y - amulet of the acrobat
HPRegen 1.04/turn               g - ring of willpower
MPRegen 0.11/turn               s - ring of poison resistance

@: no status effects
A: large, unfitting armour, claws 3, regeneration 1, shaggy fur 1, tough skin 1
a: Renounce Religion


You were on level 6 of the Dungeon.
You worshipped Ru.
Ru was noncommittal.
You visited 2 branches of the dungeon, and saw 7 of its levels.

You collected 307 gold pieces.

Inventory:

Missiles
 A - 3 datura-tipped darts (quivered)
Armour
 a - a +0 robe (worn)
 b - a +0 hat (worn)
Jewellery
 g - a ring of willpower (left claw)
 i - a ring of protection from cold
 o - an amulet of magic regeneration
 s - a ring of poison resistance (right claw)
 v - a ring of protection from cold
 y - an amulet of the acrobat (around neck)
Scrolls
 h - 2 scrolls of vulnerability {unknown}
 j - 6 scrolls of identify {unknown}
 m - a scroll of enchant weapon {unknown}
 p - 2 scrolls of magic mapping {unknown}
 t - 3 scrolls of teleportation {unknown}
 u - a scroll of noise {unknown}
 x - a scroll of silence {unknown}
 z - 2 scrolls of poison {unknown}
 C - a scroll of fog {unknown}
Potions
 e - a potion of attraction {unknown}
 f - 4 potions of curing {unknown}
 k - 2 potions of mutation {unknown}
 l - a potion of degeneration {unknown}
 n - a potion of flight {unknown}
 q - a potion of cancellation {unknown}
 r - a potion of might {unknown}
 w - 2 potions of haste {unknown}
 B - a potion of heal wounds {unknown}


   Skills:
 + Level 4.8 Fighting
 + Level 5.3 Throwing
 + Level 5.3 Dodging
 * Level 8.5 Unarmed Combat


You had 8 spell levels left.
You didn't know any spells.
Your spell library contained the following spells:

 Spells                   Type           Power      Damage    Failure   Level
 Necrotise                Necr           0%         1d4       50%         1
 Sting                    Tmut/Pois      0%         1d3       50%         1
 Poisonous Vapours        Pois/Air       0%         N/A       65%         2
 Vampiric Draining        Necr           0%         2d6       86%         3
 Olgreb's Toxic Radiance  Pois           0%         N/A       99%         4
 Agony                    Necr           0%         N/A       100%        5
 Lee's Rapid Deconstruct  Erth           0%         3d5*      100%        5
 Manifold Assault         Tloc           0%         N/A       100%        5
 Statue Form              Tmut/Erth      0%         N/A       100%        6


Dungeon Overview and Level Annotations

Branches:
Dungeon (6/15)             Temple (1/1) D:4

Altars:
Ashenzari
Cheibriados
Dithmenos
Elyvilon
Gozag
Hepliaklqana
Kikubaaqudgha
Nemelex Xobeh
Ru
Sif Muna
Uskayaw
Vehumet
Xom
Yredelemnul
Zin
The Shining One

Portals:
Abyss: D:6

Annotations:
D:6 bnorton916's ghost, novice DEFE


Innate Abilities, Weirdness & Mutations

You are too large for most types of armour.
You have claws for hands.
Your natural rate of healing is unusually fast.
You are covered in fur. (AC +1)
You have tough skin. (AC +1)


Message History

The purple ugly thing is heavily wounded.
The purple ugly thing pecks you!
You barely miss the purple ugly thing.
The purple ugly thing is moderately wounded.
The purple ugly thing pecks you!
You claw the purple ugly thing!
The purple ugly thing is heavily wounded.
The purple ugly thing pecks you!
You enter the transporter and appear at another place.
The purple ugly thing pecks you.
You claw the purple ugly thing!
The purple ugly thing is severely wounded.
The purple ugly thing pecks you.
* * * LOW HITPOINT WARNING * * *
You scratch the purple ugly thing but do no damage.
Your claw misses the purple ugly thing.
The purple ugly thing is severely wounded.
The purple ugly thing pecks you!
* * * LOW HITPOINT WARNING * * *
Unknown command.
Throw: throwing net
Press: ? - help, Q - select action, (/) - cycle Shift-Dir - straight line, f - purple ugly thing
Aim: a purple ugly thing (severely wounded, 60% to hit)
You throw a throwing net.
The throwing net closely misses the purple ugly thing.
Okay, then.
Throw: large rock
Press: ? - help, Q - select action, (/) - cycle Shift-Dir - straight line, f/p - purple ugly thing
Aim: a purple ugly thing (severely wounded, 60% to hit)
You throw a large rock.
The large rock barely misses the purple ugly thing.
The purple ugly thing closely misses you.
The purple ugly thing completely misses you.
You claw the purple ugly thing!
The purple ugly thing is almost dead.
The purple ugly thing closely misses you.
You scratch the purple ugly thing.
The purple ugly thing is almost dead.
The purple ugly thing pecks you!
You die...

...#..#..:x#####.....#
...###§.#.##.........#
.....#.##.#..........#
.....#...##..###.....#
....##.#©#©.##5##...(#
...##x...##.#...##...#
...#K#.^§.###.#.##..##
..##.##^##..##.##u..#
..#©#...∩#=...)#@...#
..#.###..###.#.#....#
..###.##[####.##....#
[......###..###.....#
....................#
....................#
.....################
######


You could see a purple ugly thing.

Vanquished Creatures
  Pikel (D:5)
  Menkaure (D:5)
  Edmund (D:6)
  Duvessa (D:5)
  An ice beast (D:5)
  3 sky beasts (D:6)
  2 centaurs (D:6)
  2 phantoms (D:4)
  2 necrophages
  3 scorpions
  Dowan (D:5)
  A water moccasin zombie (D:4)
  A howler monkey (D:5)
  3 hounds
  2 jellies
  An orc priest (D:5)
  2 iguanas (D:5)
  An orc wizard (D:5)
  Natasha (thrice) (D:4)
  2 hound zombies (D:4)
  A hound skeleton (D:4)
  A howler monkey zombie (D:4)
  3 gnolls (D:5)
  5 adders
  An adder zombie (D:4)
  4 dart slugs
  12 orcs
  3 ball pythons (D:4)
  6 bats
  8 endoplasms
  5 giant cockroaches (D:1)
  5 hobgoblins
  2 quokkas
  3 frilled lizards
  8 goblins
  6 kobolds
  7 rats
114 creatures vanquished.

Vanquished Creatures (others)
  20 withered plants (D:4)
20 creatures vanquished.

Grand Total: 134 creatures vanquished

Notes
Turn   | Place    | Note
-------+----------+-------------------------------------------
     0 | D:1      | wormed the Troll Gladiator began the quest for the Orb.
     0 | D:1      | Reached XP level 1. HP: 19/19 MP: 0/0
   222 | D:1      | Reached XP level 2. HP: 28/28 MP: 1/1
   697 | D:1      | Reached XP level 3. HP: 35/35 MP: 2/2
   953 | D:2      | Reached XP level 4. HP: 42/42 MP: 3/3
  1033 | D:2      | Reached skill level 4 in Unarmed Combat
  1329 | D:3      | You fall into a shaft and drop 1 floor!
  1426 | D:4      | Noticed a phantom
  1438 | D:4      | Killed a phantom
  1439 | D:4      | Reached XP level 5. HP: 29/50 MP: 4/4
  1630 | D:3      | Found an ancient bone altar of Kikubaaqudgha.
  2208 | D:4      | Found a staircase to the Ecumenical Temple.
  2230 | Temple   | Entered the Ecumenical Temple
  2681 | Temple   | Became a worshipper of Ru the Awakened
  2807 | D:4      | Noticed a phantom
  2835 | D:4      | Killed a phantom
  2836 | D:4      | Reached skill level 5 in Unarmed Combat
  2836 | D:4      | Reached XP level 6. HP: 58/59 MP: 5/5
  2994 | D:4      | Found the +4 dagger "Morg" {pain, Will+ Int+5}
  3036 | D:4      | Noticed Natasha
  3040 | D:4      | Killed Natasha
  3045 | D:4      | Noticed Natasha
  3049 | D:4      | Killed Natasha
  3318 | D:4      | Noticed Natasha
  3326 | D:4      | Killed Natasha
  3327 | D:4      | Reached XP level 7. HP: 56/62 MP: 6/6
  3443 | D:5      | Entered Level 5 of the Dungeon
  3464 | D:5      | Noticed Pikel
  3483 | D:5      | Killed Pikel
  3484 | D:5      | Reached skill level 6 in Unarmed Combat
  3532 | D:5      | Noticed Duvessa
  3533 | D:5      | Noticed Dowan
  3546 | D:5      | Killed Duvessa
  3547 | D:5      | Reached XP level 8. HP: 64/78 MP: 7/7
  3570 | D:5      | Killed Dowan
  3634 | D:5      | Noticed Menkaure
  3676 | D:5      | HP: 3/78 [Menkaure (21)]
  3758 | D:5      | Killed Menkaure
  3759 | D:5      | Reached skill level 7 in Unarmed Combat
  3857 | D:5      | Found a basalt altar of Yredelemnul.
  4093 | D:5      | Got the Catalogue of Topological Minerals
  4104 | D:5      | Found a hide-covered altar of Uskayaw.
  4457 | D:6      | Noticed Edmund
  4465 | D:6      | Killed Edmund
  4516 | D:6      | Reached skill level 5 in Dodging
  4544 | D:6      | Reached skill level 5 in Throwing
  4544 | D:6      | Reached skill level 8 in Unarmed Combat
  4572 | D:6      | Reached XP level 9. HP: 47/85 MP: 8/8
  4682 | D:6      | Found a one-way gate to the infinite horrors of the Abyss.
  4682 | D:6      | Noticed bnorton916's ghost (novice DEFE)
  4702 | D:6      | Noticed a purple ugly thing
  4714 | D:6      | Found a transporter.
  4721 | D:6      | Found a transporter.
  4958 | D:6      | Found a sparkling altar of Nemelex Xobeh.
  5057 | D:6      | Slain by a purple ugly thing

Illustrated notes

Levels and vault maps discovered:
D:1:      dpeg_arrival_morbid_curiosity, layout_basic
D:2:      layout_basic, dreamdust_ecumenical_altar_sealed_demon
D:3:      layout_basic, mainiacjoe_overflow_boulevard,
          wander_ebering_terrifying_dragon_lair
D:4:      layout_cave_pods, minmay_temple_entry_trees, dilly_guarded_unrand_morg
D:5:      layout_basic, mainiacjoe_overflow_paths,
          nicolae_overflow_crystal_walls, uniq_pikel, uniq_duvessa,
          uniq_menkaure
D:6:      layout_gridville, mainiacjoe_overflow_alcove_1,
          gammafunk_ghost_abyssal_escape, uniq_edmund
Temple:   minmay_temple_forest_path

Skill      XL: |  1  2  3  4  5  6  7  8 |
---------------+-------------------------+-----
Throwing       | 2 3 4 5 |  5.3
Fighting       | 2 3 4 |  4.8
Unarmed Combat | 4 5 6 8 |  8.5
Dodging        | 3 4 5 |  5.3

Action                   |  1- 3 |  4- 6 |  7- 9 || total
-------------------------+-------+-------+-------++-------
Melee: Unarmed           |    62 |   128 |   163 ||   353
       Punch             |       |     2 |     3 ||     5
Throw: Throwing net      |       |       |     4 ||     4
       Large rock        |       |       |     1 ||     1
Invok: Reject Sacrifices |       |       |     1 ||     1
 Stab: Sleeping          |     3 |     1 |       ||     4
Armor: Robe              |    25 |    42 |    31 ||    98
Dodge: Dodged            |    39 |    60 |    79 ||   178
